 Dungeon Crawl Stone Soup version 0.30-a0-4-ga7cffc901d (webtiles) character file.

Game seed: 14976384999572563810

138 frimble the Digger (level 5, -5/37 HPs)
             Began as a Demonspawn Earth Elementalist on Aug 20, 2022.
             Slain by Grinder (8 damage)
             ... on level 3 of the Dungeon.
             The game lasted 00:03:31 (3256 turns).

frimble the Digger (Demonspawn Earth Elementalist)  Turns: 3256, Time: 00:03:32

Health: -5/37      AC:  6    Str: 10    XL:     5   Next: 1%
Magic:  8/8        EV: 10    Int: 16    God:
Gold:   124        SH:  0    Dex: 14    Spells: 7/8 levels left

rFire   . . .      SeeInvis .      - Unarmed
rCold   . . .      Faith    .    (no shield)
rNeg    . . .      Spirit   .    c - +1 ring mail {rPois}
rPois   +          Reflect  .    (no helmet)
rElec   .          Harm     .    (no cloak)
rCorr   .          Rampage  .    (no gloves)
Will    .....                    (no boots)
Stlth   +.........               (no amulet)
HPRegen 0.12/turn                e - ring of poison resistance
MPRegen 0.11/turn                (no ring)

@: no status effects
A: claws 1, demonic guardian 1, demonic magic 1
a: no special abilities


You were on level 3 of the Dungeon.
You visited 1 branch of the dungeon, and saw 3 of its levels.

You collected 124 gold pieces.

Inventory:

Missiles
 i - a throwing net
Armour
 a - a +0 robe
 c - a +1 ring mail of poison resistance (worn)
Jewellery
 e - a ring of poison resistance (left claw)
Scrolls
 g - a scroll of poison
 h - a scroll of teleportation {unknown}
 k - a scroll of enchant armour {unknown}
 l - a scroll of noise {unknown}
Potions
 b - a potion of magic


   Skills:
 + Level 1.3 Fighting
 - Level 2.0 Armour
 - Level 1.8 Dodging
 - Level 1.8 Stealth
 + Level 1.8 Unarmed Combat
 - Level 2.0 Spellcasting
 - Level 1.8 Transmutations
 - Level 3.2 Earth Magic


You had 7 spell levels left.
You knew the following spells:

 Your Spells              Type           Power      Damage    Failure   Level
a - Sandblast             Erth           24%        2d8       14%         1

Your spell library contained the following spells:

 Spells                   Type           Power      Damage    Failure   Level
 Passwall                 Tmut/Erth      7%         N/A       28%         2
 Stone Arrow              Conj/Erth      12%        3d7       63%         3
 Petrify                  Tmut/Erth      9%         N/A       88%         4


Dungeon Overview and Level Annotations

Branches:
Dungeon (3/15)

Altars:

Annotations:
D:2 Robin
D:3 Grinder


Innate Abilities, Weirdness & Mutations

You have sharp fingernails.
A weak demonic guardian rushes to your aid.
Spells you cast may paralyse adjacent enemies.


Message History

Grinder hits you but does no damage.
Your ufetubus closely misses Grinder.
Your ufetubus hits Grinder. Grinder hits you.
Your ufetubus completely misses Grinder.
Your ufetubus misses Grinder.
Your ufetubus closely misses Grinder.
Your ufetubus hits Grinder but does no damage.
Grinder hits you.
You can move again.
You scratch Grinder but do no damage.
Grinder is almost dead.
Your ufetubus closely misses Grinder.
Your ufetubus hits Grinder.
Grinder blinks!
You scratch Grinder.
Grinder is almost dead.
Grinder hits you but does no damage.
You swap places.
Your ufetubus hits Grinder but does no damage.
Your ufetubus misses Grinder. Grinder hits your ufetubus.
Your ufetubus dies!
Your ufetubus disappears in a puff of smoke!
Grinder gestures at you.
You barely resist.
You aren't carrying any items that you can evoke.
Okay, then.
Grinder gestures at you.
You suddenly lose the ability to move!
Grinder hits you.
You writhe in agony.
Grinder hits you.
* * * LOW HITPOINT WARNING * * *
You writhe in agony.
* * * LOW HITPOINT WARNING * * *
Grinder hits you.
* * * LOW HITPOINT WARNING * * *
You can move again.
Unknown command.
You barely miss Grinder.
Grinder is almost dead.
Grinder hits you!
You die...

#.# #.# #.# #.#
#.# ###### #.#
.....# #.# .....#
#.# .....# #@#
.....# #5#
.....###########.#
.................#
##################


You could see Grinder.

Vanquished Creatures
  3 gnolls (D:3)
  3 adders (D:2)
  2 dart slugs
  3 orcs (D:3)
  4 ball pythons
  6 endoplasms
  3 giant cockroaches
  5 goblins
  7 hobgoblins
  3 jackals (D:3)
  3 kobolds (D:1)
  7 quokkas
  4 bats
  A frilled lizard (D:1)
  2 rats
56 creatures vanquished.

Vanquished Creatures (collateral kills)
  A gnoll (D:3)
1 creature vanquished.

Grand Total: 57 creatures vanquished

Notes
Turn   | Place    | Note
-------+----------+-------------------------------------------
     0 | D:1      | frimble the Demonspawn Earth Elementalist began the quest
                  | for the Orb.
     0 | D:1      | Reached XP level 1. HP: 13/13 MP: 3/3
   102 | D:1      | Reached skill level 1 in Transmutations
   301 | D:1      | Discovered your monstrous ancestry.
   301 | D:1      | Gained mutation: You have sharp fingernails. [demonic
                  | ancestry]
   301 | D:1      | Reached XP level 2. HP: 12/19 MP: 1/5
   946 | D:1      | Reached skill level 3 in Earth Magic
  1125 | D:1      | Reached skill level 1 in Armour
  1125 | D:1      | Gained mutation: A weak demonic guardian rushes to your
                  | aid. [demonic ancestry]
  1125 | D:1      | Reached XP level 3. HP: 22/24 MP: 6/6
  1902 | D:2      | Reached skill level 1 in Unarmed Combat
  2238 | D:2      | Reached XP level 4. HP: 25/30 MP: 7/7
  2343 | D:2      | Noticed Robin
  2814 | D:3      | Reached skill level 1 in Fighting
  3074 | D:3      | Gained mutation: Spells you cast may paralyse adjacent
                  | enemies. [demonic ancestry]
  3074 | D:3      | Reached XP level 5. HP: 36/37 MP: 8/8
  3205 | D:3      | Noticed Grinder
  3211 | D:3      | Paralysed by Grinder for 2 turns
  3243 | D:3      | Paralysed by Grinder for 4 turns
  3251 | D:3      | Paralysed by Grinder for 5 turns
  3256 | D:3      | Slain by Grinder

Illustrated notes

Levels and vault maps discovered:
D:1:      dpeg_arrival_rhombi, layout_loops_corners
D:2:      layout_basic, kennysheep_generic_room_8, uniq_robin
D:3:      layout_basic, uniq_grinder

Skill      XL: |  1  2  3  4 |
---------------+-------------+-----
Transmutations | 1 |  1.8
Earth Magic    | 3 |  3.2
Armour         | 1 2 |  2.0
Unarmed Combat | 1 |  1.8
Fighting       | 1 |  1.3
Dodging        | |  1.8
Stealth        | |  1.8
Spellcasting   | |  2.0

Action                   |  1- 3 |  4- 6 || total
-------------------------+-------+-------++-------
Melee: Unarmed           |   154 |   108 ||   262
       Punch             |     2 |     3 ||     5
 Cast: Sandblast         |    23 |     5 ||    28
  Use: Potion            |       |     5 ||     5
       Scroll            |       |     3 ||     3
 Stab: Sleeping          |     2 |       ||     2
       Distracted        |       |     1 ||     1
Armor: Ring mail         |    58 |    56 ||   114
Dodge: Dodged            |    91 |    80 ||   171

Table legend: (Time is in decaauts)
 A = Elapsed time spent in this place.
 B = Non-inter-level travel time spent in this place.
 C = Inter-level travel time spent in this place.
 D = Time resting spent in this place.
 E = Time spent auto-exploring this place.
 F = Levels seen in this place.
 G = Mean time per level.
                   A        B        C        D        E       F      G
               +--------+--------+--------+--------+--------+-----+--------+
         Total |   3265 |   3230 |     35 |      0 |   2657 |   3 | 1088.3 |
       Dungeon |   3265 |   3230 |     35 |      0 |   2657 |   3 | 1088.3 |
               +--------+--------+--------+--------+--------+-----+--------+

Top non-repeatable levels by time:
     D:1: 1832 daAuts
     D:3: 902 daAuts
     D:2: 529 daAuts
